 Dungeon Crawl Stone Soup version 0.28-a0-1347-g113dc556a4 (webtiles) character file.

Game seed: 9398828181741201441

448 Teslajakalope the Chopper (level 6, 0/56 HPs)
             Began as a Minotaur Fighter on Dec 30, 2021.
             Shot with an arrow by a centaur (1 damage)
             ... on level 4 of the Dungeon.
             The game lasted 00:43:53 (4488 turns).

Teslajakalope the Chopper (Minotaur Fighter)        Turns: 4488, Time: 00:43:54

Health: 0/56       AC:  6    Str: 22    XL:     6   Next: 73%
Magic:  5/5        EV: 10    Int:  5    God:
Gold:   91         SH:  5    Dex: 10    Spells: 5/5 levels left

rFire   + . .      SeeInvis .   a - +0 war axe
rCold   x . .      Faith    .   c - +0 buckler
rNeg    . . .      Spirit   .   b - +0 scale mail
rPois   .          Reflect  .   (helmet restricted)
rElec   .          Harm     .   (no cloak)
rCorr   .          Rampage  .   (no gloves)
Will    .....                   (no boots)
Stlth   ..........              (no amulet)
HPRegen 0.18/turn               g - ring of fire
MPRegen 0.09/turn               (no ring)

@: no status effects
A: horns 2, retaliatory headbutt
a: no special abilities


You were on level 4 of the Dungeon.
You visited 1 branch of the dungeon, and saw 4 of its levels.

You collected 91 gold pieces.

Inventory:

Hand Weapons
 a - a +0 war axe (weapon)
Missiles
 f - 17 sling bullets
 n - 60 stones (quivered)
Armour
 b - a +0 scale mail (worn)
 c - a +0 buckler (worn)
Jewellery
 g - a ring of fire (left hand)
Scrolls
 e - a scroll of fear {unknown}
 h - 3 scrolls of enchant weapon {unknown}
 p - a scroll of silence {unknown}
 q - a scroll of identify {unknown}
Potions
 d - a potion of might
 i - 3 potions of attraction {unknown}
 j - a potion of brilliance {unknown}
 k - a potion of mutation {unknown}
 l - 2 potions of curing {unknown}
 m - a potion of heal wounds {unknown}
 o - a potion of lignification {unknown}


   Skills:
 + Level 5.2 Fighting
 * Level 5.8 Axes
 - Level 3.6 Armour
 + Level 3.1 Dodging
 + Level 5.2 Shields


You had 5 spell levels left.
You didn't know any spells.
Your spell library contained the following spells:

 Spells                   Type           Power      Damage    Failure   Level
 Animate Skeleton         Necr           0%         N/A       80%         1
 Pain                     Necr           0%         1d4       80%         1
 Vampiric Draining        Necr           0%         2d6       99%         3


Dungeon Overview and Level Annotations

Branches:
Dungeon (4/15)
 Temple: D:4-7

Altars:

Shops:
D:4 [

Annotations:
D:4 Edmund, Grinder


Innate Abilities, Weirdness & Mutations

You have a pair of horns on your head.
You reflexively headbutt those who attack you in melee.


Message History

Edmund says, "A flail is better than a scythe, any day of the week!"
There is an open door here.
Found 17 gold pieces.
There is a stone staircase leading up here.
You climb upwards.
There is a stone staircase leading down here.
Items here: )))) [.
There is an open door, spattered with blood here.
There is an open door here.
There is an open door here.
There is a stone staircase leading down here.
Unknown command.
You climb downwards.
Level annotation: Edmund, Grinder
There is a stone staircase leading up here.
Things that are here:
2 boomerangs; a +0 dagger You see here a +0 scale mail.
A centaur comes into view.
The centaur shouts!
The centaur wields a +2 vorpal shortbow.
The centaur shoots an arrow.
The arrow hits you!
The centaur shoots an arrow.
The arrow misses you.
The centaur shoots an arrow.
You block the arrow.
The centaur shoots an arrow.
The arrow misses you.
The centaur shoots an arrow.
The arrow hits you!
The centaur shoots an arrow.
The arrow hits you.
The centaur shoots an arrow.
The arrow hits you!
The centaur shoots an arrow.
You block the arrow.
The centaur shoots an arrow.
The arrow hits you!
* * * LOW HITPOINT WARNING * * *
x2 The centaur shoots an arrow.
You block the arrow.
The centaur shoots an arrow.
The arrow hits you.
* * * LOW HITPOINT WARNING * * *
x2 The centaur shoots an arrow.
You block the arrow.
The centaur shoots an arrow.
The arrow hits you.
* * * LOW HITPOINT WARNING * * *
x2 The centaur shoots an arrow.
The arrow hits you.
* * * LOW HITPOINT WARNING * * *
You die...

..## #.####.#########.# .......
#................# #....c#
#.####..........(. #...#.# #.#
#.#########)# #...#.#
#.####.########..# # #...#.#
#.............#..# #.#...#.#
#..###.######.#... #.#...#.#
#...##.# #.#...
#.......#######@...#.# #.....
#.#...##c............# #.#...
#.#...##.######[[..### #.#...
.#.#...##.# #.)..########.#...
.......##.######.[...............
....................########.#.##
.#.#......................##.#.##
#.#...##.#####...#.########.#.##
....)............................


You could see a centaur.

Vanquished Creatures
  A hornet (D:4)
  A bullfrog skeleton (D:3)
  An orc priest (D:4)
  2 orc wizards
  5 adders
  A worm (D:2)
  3 dart slugs (D:1)
  13 orcs
  6 ball pythons
  6 endoplasms
  4 giant cockroaches
  8 goblins
  7 hobgoblins
  3 quokkas
  2 bats
  3 frilled lizards (D:1)
  9 kobolds
  2 rats
77 creatures vanquished.

Vanquished Creatures (others)
  A plant (D:2)
1 creature vanquished.

Grand Total: 78 creatures vanquished

Notes
Turn   | Place    | Note
-------+----------+-------------------------------------------
     0 | D:1      | Teslajakalope the Minotaur Fighter began the quest for the
                  | Orb.
     0 | D:1      | Reached XP level 1. HP: 19/19 MP: 0/0
   267 | D:1      | Reached XP level 2. HP: 27/27 MP: 1/1
   391 | D:1      | Reached skill level 1 in Dodging
   780 | D:1      | Reached XP level 3. HP: 33/33 MP: 2/2
  1534 | D:2      | Found a faded altar of an unknown god.
  2252 | D:3      | Reached XP level 4. HP: 36/40 MP: 3/3
  2669 | D:3      | Reached XP level 5. HP: 47/47 MP: 4/4
  3377 | D:4      | Reached skill level 5 in Axes
  3448 | D:4      | Noticed Grinder
  3448 | D:4      | Paralysed by Grinder for 6 turns
  3742 | D:4      | Found Roirghuel's Armour Shoppe.
  3742 | D:4      | Noticed a hornet
  3750 | D:4      | Killed a hornet
  3751 | D:4      | Reached skill level 5 in Fighting
  3751 | D:4      | Reached skill level 5 in Shields
  3751 | D:4      | Reached XP level 6. HP: 12/56 MP: 5/5
  4345 | D:4      | Noticed Edmund
  4488 | D:4      | HP: 1/56 [centaur/arrow (3)]
  4488 | D:4      | Shot with an arrow by a centaur

Illustrated notes

Levels and vault maps discovered:
D:1:      lightli_iron_boxes, layout_basic, kennysheep_nondescript,
          chequers_serial_rivers_marsh
D:2:      layout_basic, shapermc_ecumenical_altar_mp_urbaneastern,
          nicolae_elevator_lobby_asterisk
D:3:      layout_basic
D:4:      layout_basic, serial_shops, shop_statue, nicolae_shop_hallway_plus,
          nicolae_lakefront_shop, uniq_edmund, uniq_grinder

Skill      XL: |  1  2  3  4  5 |
---------------+----------------+-----
Axes           | 3 4 5 |  5.8
Dodging        | 1 2 3 |  3.1
Fighting       | 4 5 |  5.2
Shields        | 4 5 |  5.2
Armour         | |  3.6

Action                   |  1- 3 |  4- 6 || total
-------------------------+-------+-------++-------
Melee: War axe           |    82 |    80 ||   162
       Headbutt          |    18 |    12 ||    30
Throw: Stone             |       |    14 ||    14
Armor: Scale mail        |    26 |    28 ||    54
Dodge: Dodged            |    33 |    29 ||    62
Block: Buckler           |    15 |    21 ||    36

Table legend: (Time is in decaauts)
 A = Elapsed time spent in this place.
 B = Non-inter-level travel time spent in this place.
 C = Inter-level travel time spent in this place.
 D = Time resting spent in this place.
 E = Time spent auto-exploring this place.
 F = Levels seen in this place.
 G = Mean time per level.
                   A        B        C        D        E       F      G
               +--------+--------+--------+--------+--------+-----+--------+
         Total |   4549 |   4343 |    206 |   1132 |    841 |   4 | 1137.2 |
       Dungeon |   4549 |   4343 |    206 |   1132 |    841 |   4 | 1137.2 |
               +--------+--------+--------+--------+--------+-----+--------+

Top non-repeatable levels by time:
     D:1: 1367 daAuts
     D:3: 1255 daAuts
     D:4: 1103 daAuts
     D:2: 822 daAuts
